 Dungeon Sprint DCSS version 0.30-a0-777-ga9a30cbeda (webtiles) character file.

Game seed: 3879103501167281730

2500000 sircluck the Annihilator (level 14, -4/63 HPs)
             Began as a Felid Conjurer on Feb 13, 2023.
             Killed by an exploding large bag of meat (23 damage)
             ... ignited by their inner flame
             ... in the Dungeon (Sprint VIII: "Arena of Blood").
             The game lasted 00:01:07 (25 turns).

sircluck the Annihilator (Felid Conjurer)             Turns: 25, Time: 00:01:07

Health: -4/63      AC:  3    Str:  3    XL:     14   Next: 77%
Magic:  37/39      EV: 34    Int: 25    God:
Gold:   0          SH:  0    Dex: 14    Spells: 52/53 levels left
                                        Lives:  0   Deaths: 2

rFire   . . .      SeeInvis +      - Unarmed
rCold   + . .      Faith    .    (shield unavailable)
rNeg    . . .      Spirit   .    (body armour unavailable)
rPois   .          Reflect  .    (helmet unavailable)
rElec   .          Harm     .    (cloak unavailable)
rCorr   .          Rampage  .    (gloves unavailable)
Will    ++...      NoTele   +    (boots unavailable)
Stlth   +++++++++                (no amulet)
HPRegen 0.30/turn                g - +27000 ring of slaying
MPRegen 0.26/turn                (no ring)

@: quick
A: very small, claws 1, fangs 3, see invisible, speed 1, shaggy fur 3, stealthy
paws, no weapons or thrown items, no armour, multi-lived
a: no special abilities


You were in the Dungeon.
You visited 1 branch

Inventory:

Jewellery
 g - a +27000 ring of slaying (left paw)
Scrolls
 f - a scroll of blinking
Potions
 a - 3 potions of magic
 b - a potion of curing
 c - a potion of heal wounds
 d - a potion of haste
 e - a potion of berserk rage


   Skills:
 + Level 8.1 Fighting
 O Level 27 Dodging
 + Level 24.7 Stealth
 + Level 17.4 Unarmed Combat
 + Level 20.4 Spellcasting
 O Level 27 Conjurations


You had 52 spell levels left.
You knew the following spells:

 Your Spells              Type           Power      Damage    Failure   Level
a - Magic Dart            Conj           100%       1d8       0%          1

Your spell library contained the following spells:

 Spells                   Type           Power      Damage    Failure   Level
 Searing Ray              Conj           100%       2d8       0%          2
 Dazzling Flash           Conj/Hex       100%       N/A       1%          3
 Fulminant Prism          Conj/Hex       37%        3d17      1%          4
 Iskenderun's Mystic Bla  Conj/Tloc      75%        2d15      1%          4


Dungeon Overview and Level Annotations

Branches:
Dungeon (1/1)

Altars:
Makhleb


Innate Abilities, Weirdness & Mutations

You have sharp claws.
You have razor-sharp teeth.
You have supernaturally acute eyesight. (SInv)
You cover ground quickly. (Speed+)
Your thick and shaggy fur keeps you warm. (AC +3, rC+)
Your paws help you pounce on unaware monsters.
You are incapable of wielding weapons or throwing items.
You cannot wear armour.
You gain extra lives every three experience levels.


Message History

Your Unarmed Combat skill increases to level 14!
Welcome back to level 14!
Found a shiny ivory ring. 2 bags of meat come into view.
The large bag of meat appears out of thin air!
A large bag of meat comes into view. It is wielding a +9 giant spiked club.
The bag of meat shouts!
You hear a shout! x7
The meat berserker rages.
You hear a shout! x2
The large bag of meat shouts in stereo!
You hear a shout! x2
The bag of meat hits you with a +9 war axe!!!
Ouch! That really hurt!
* * * LOW HITPOINT WARNING * * *
You hear a shout! x9
You eviscerate the bag of meat!!!!!!!!!!!!
You kill the bag of meat!
You hear a shout! x5
Your Dodging skill increases to level 26!
Your Stealth skill increases to level 23!
Your Unarmed Combat skill increases to level 15!
Your Spellcasting skill increases to level 19!
You eviscerate the bag of meat!!!!!!!!!!!!
You kill the bag of meat!
The large bag of meat appears out of thin air!
A large bag of meat comes into view. It is wielding a +9 giant spiked club.
You hear a shout! x6
Your Fighting skill increases to level 7!
Your Unarmed Combat skill increases to level 16!
You eviscerate the bag of meat!!!!!!!!!!!!
You kill the bag of meat!
You hear a shout! x5
Your Fighting skill increases to level 8!
You have mastered Dodging!
Your Stealth skill increases to level 24!
Your Unarmed Combat skill increases to level 17!
Your Spellcasting skill increases to level 20!
You eviscerate the large bag of meat!!!!!!!!!!!
The large bag of meat explodes!
The fiery explosion engulfs you!!
You die...

#############
....=§§@o.O.####
..........§§).O.....#
.....##.##§#####....
........O.. ...
.####.....##o## .
#...........o.o
#.o........#.#
#.....)oV..... .
#..o)†)..o...


You could see a destroyer, 2 large bags of meat, a meat berserker (berserk) and
3 bags of meat.

Vanquished Creatures
  4 ogres (D)
  A two-headed ogre (D)
  8 orcs (D)
13 creatures vanquished.

Notes
Turn   | Place    | Note
-------+----------+-------------------------------------------
     0 | D        | sircluck the Felid Conjurer began the quest for the Orb.
     0 | D        | Reached XP level 1. HP: 7/7 MP: 4/4
     0 | D        | Noticed a meat berserker
     2 | D        | Noticed a bag of meat
     2 | D        | Noticed a bag of meat
     2 | D        | Noticed a bag of meat
     3 | D        | Noticed a bag of meat
     4 | D        | Noticed a bag of meat
     4 | D        | Noticed a bag of meat
     5 | D        | Noticed a meat berserker
     5 | D        | Noticed a meat berserker
     6 | D        | Killed a meat berserker
     6 | D        | Noticed a meat berserker
     7 | D        | Reached XP level 2. HP: 11/11 MP: 1/12
     7 | D        | Reached XP level 3. HP: 14/14 MP: 1/14
     7 | D        | Reached XP level 4. HP: 18/18 MP: 1/15
     7 | D        | Reached XP level 5. HP: 21/21 MP: 1/17
     7 | D        | Gained mutation: You are covered in thick fur. (AC +2)
                  | [Felid growth]
     7 | D        | Reached XP level 6. HP: 24/24 MP: 1/18
     7 | D        | Reached XP level 7. HP: 27/27 MP: 1/20
     7 | D        | Reached XP level 8. HP: 31/31 MP: 1/21
     7 | D        | Reached XP level 9. HP: 34/34 MP: 1/22
     7 | D        | Reached XP level 10. HP: 37/37 MP: 1/23
     7 | D        | Reached XP level 11. HP: 40/40 MP: 1/24
     8 | D        | Noticed a meat berserker
     9 | D        | Killed a bag of meat
     9 | D        | Noticed a bag of meat
    10 | D        | Gained mutation: Your thick and shaggy fur keeps you warm.
                  | (AC +3, rC+) [Felid growth]
    10 | D        | Reached XP level 12. HP: 44/44 MP: 1/26
    10 | D        | Killed a meat berserker
    10 | D        | Noticed a meat berserker
    10 | D        | Noticed a meat berserker
    10 | D        | Noticed a meat berserker
    11 | D        | Reached skill level 15 in Dodging
    11 | D        | Reached skill level 27 in Conjurations
    11 | D        | Reached XP level 13. HP: 47/47 MP: 2/29
    11 | D        | Killed a meat berserker
    12 | D        | Reached XP level 14. HP: 27/54 MP: 2/33
    12 | D        | Killed a bag of meat
    12 | D        | Mangled by a meat berserker
    13 | D        | Reached XP level 13. HP: -12/51 MP: 2/32
    13 | D        | Reached skill level 15 in Spellcasting
    13 | D        | Noticed a bag of meat
    13 | D        | Noticed a bag of meat
    13 | D        | Noticed a bag of meat
    13 | D        | Noticed a bag of meat
    13 | D        | Noticed a bag of meat
    13 | D        | Noticed a meat berserker
    13 | D        | Noticed a bag of meat
    13 | D        | Noticed a bag of meat
    13 | D        | Noticed a bag of meat
    14 | D        | Noticed a meat berserker
    15 | D        | Noticed a large bag of meat
    15 | D        | Noticed a meat berserker
    15 | D        | Noticed a bag of meat
    15 | D        | Noticed a bag of meat
    15 | D        | Noticed a bag of meat
    15 | D        | Noticed a bag of meat
    16 | D        | Killed a bag of meat
    16 | D        | Noticed a meat berserker
    17 | D        | Reached skill level 10 in Unarmed Combat
    17 | D        | Killed a meat berserker
    18 | D        | Reached XP level 14. HP: 57/57 MP: 33/36
    18 | D        | Killed a bag of meat
    18 | D        | Noticed a bag of meat
    19 | D        | Reached skill level 5 in Fighting
    19 | D        | Killed a bag of meat
    19 | D        | Noticed a destroyer
    19 | D        | Annihilated by a meat berserker
    19 | D        | Noticed a meat berserker
    19 | D        | Noticed a bag of meat
    20 | D        | Reached XP level 13. HP: -23/55 MP: 33/36
    20 | D        | Reached XP level 14. HP: 60/60 MP: 37/37
    20 | D        | Noticed a bag of meat
    20 | D        | Noticed a bag of meat
    21 | D        | Noticed a large bag of meat
    22 | D        | Killed a bag of meat
    23 | D        | Reached skill level 15 in Unarmed Combat
    23 | D        | Killed a bag of meat
    24 | D        | Noticed a large bag of meat
    24 | D        | Killed a bag of meat
    25 | D        | Reached skill level 27 in Dodging
    25 | D        | Killed a large bag of meat
    25 | D        | Killed by an exploding large bag of meat... ignited by
                  | their inner flame

Illustrated notes

Levels and vault maps discovered:
D:        meatsprint

Skill      XL: |  1  2  3  4  5  6  7  8  9 10 11 12 13 14 |
---------------+-------------------------------------------+-----
Dodging        | 11 12 15 25 27 | 27.0
Stealth        | 11 12 14 21 24 | 24.7
Unarmed Combat | 2 3 4 14 17 | 17.4
Spellcasting   | 8 9 11 17 20 | 20.4
Conjurations   | 23 25 27 | 27.0
Fighting       | 6 8 |  8.1

Action                     |  1- 3 |  4- 6 |  7- 9 | 10-12 | 13-15 || total
---------------------------+-------+-------+-------+-------+-------++-------
  Melee: Unarmed           |     1 |       |       |     2 |    10 ||    13
   Cast: Magic Dart        |     3 |       |       |       |       ||     3
  Dodge: Dodged            |       |       |       |     1 |     4 ||     5

Table legend: (Time is in decaauts)
 A = Elapsed time spent in this place.
 B = Non-inter-level travel time spent in this place.
 C = Inter-level travel time spent in this place.
 D = Time resting spent in this place.
 E = Time spent auto-exploring this place.
 F = Levels seen in this place.
 G = Mean time per level.
                   A        B        C        D        E       F      G
               +--------+--------+--------+--------+--------+-----+--------+
         Total |     20 |     20 |      0 |      0 |      0 |   1 |   20.0 |
       Dungeon |     20 |     20 |      0 |      0 |      0 |   1 |   20.0 |
               +--------+--------+--------+--------+--------+-----+--------+

Top non-repeatable levels by time:
       D: 20 daAuts
